 Dungeon Crawl Stone Soup version 0.30.1-11-g7821555f0a (webtiles) character file.

Game seed: 10483924078169788499

606 Peloso the Covered (level 7, 0/61 HPs)
             Began as a Minotaur Fighter on Dec 21, 2023.
             Slain by an orc warrior
             ... wielding a +0 halberd
              (1 damage)
             ... in a bailey.
             The game lasted 00:06:39 (2328 turns).

Peloso the Covered (Minotaur Fighter)               Turns: 2328, Time: 00:06:40

Health: 0/61       AC: 10    Str: 20      XL:     7   Next: 19%
Magic:  6/6        EV:  8    Int:  4 (5)  God:
Gold:   102        SH:  5    Dex: 11 (12) Spells: 6/6 levels left

rFire   . . .        a - +0 long sword
rCold   . . .        c - +0 buckler
rNeg    . . .        m - +0 chain mail
rPois   +            (helmet restricted)
rElec   .            (no cloak)
rCorr   .            (no gloves)
SInv    .            (no boots)
Will    .....        (no amulet) Stlth
                     i - ring of poison resistance
HPRegen 0.30/turn    (no ring)
MPRegen 0.10/turn

%: no passive effects
@: mighty, attractive
A: horns 2, retaliatory headbutt, deterioration 1
a: no special abilities


You were in a bailey.
You visited 1 branch of the dungeon, and saw 7 of its levels.
You also visited: Bailey.

You collected 102 gold pieces.

Inventory:

Hand Weapons
 a - a +0 long sword (weapon)
Armour
 b - a +0 scale mail
 c - a +0 buckler (worn)
 m - a +0 chain mail (worn)
Jewellery
 h - an amulet of magic regeneration
 i - a ring of poison resistance (left hand)
Wands
 g - a wand of flame (13)
Scrolls
 e - a scroll of silence
 f - 3 scrolls of identify {unknown}
Potions
 l - a potion of cancellation {unknown}


   Skills:
 + Level 5.1 Fighting
 + Level 6.1 Long Blades
 + Level 6.2 Armour
 + Level 1.2 Dodging
 + Level 1.0 Stealth
 + Level 4.7 Shields


You had 6 spell levels left.
You didn't know any spells.
Your spell library contained the following spells:

 Spells                   Type           Power      Damage    Failure   Level
 Olgreb's Toxic Radiance  Pois           0%         N/A       100%        4
 Discord                  Hex            0%         N/A       100%        8
 Ignition                 Fire           0%         3d3       100%        8


Dungeon Overview and Level Annotations

Branches:
Dungeon (7/15)             Bailey (1/1)
 Temple: D:4-7

Altars:
Wu Jian

Shops:
D:5 !


Innate Abilities, Weirdness & Mutations

You have a pair of horns on your head.
You reflexively headbutt those who attack you in melee.
Your body sometimes deteriorates upon taking damage.


Message History

The orc warrior closely misses you. You furiously retaliate!
You headbutt the orc warrior.
You hit the orc warrior but do no damage.
Your headbutt misses the orc warrior.
The orc warrior is lightly wounded.
The orc warrior hits you but does no damage.
You completely miss the orc warrior. Your headbutt misses the orc warrior.
The orc warrior is lightly wounded.
The orc warrior misses you.
You hit the orc warrior.
The orc warrior is lightly wounded.
The orc warrior closely misses you.
Okay, then.
You barely miss the orc warrior.
The orc warrior is lightly wounded.
The orc warrior barely misses you.
Okay, then.
As you read the scroll of fear, it crumbles to dust.
You assume a fearsome visage.
The orc warrior resists with some effort.
The orc warrior hits you but does no damage.
You hit the orc warrior.
The orc warrior is lightly wounded.
The orc warrior hits you with a +0 halberd!
* * * LOW HITPOINT WARNING * * *
Your body deteriorates!
You feel clumsy.
Unknown command.
You hit the orc warrior but do no damage.
You headbutt the orc warrior, but do no damage.
The orc warrior is lightly wounded.
The orc warrior hits you with a +0 halberd.
* * * LOW HITPOINT WARNING * * *
Unknown command.
You feel very mighty all of a sudden.
The orc warrior hits you with a +0 halberd!
* * * LOW HITPOINT WARNING * * *
It was a potion of attraction.
You feel attractive to monsters.
The orc warrior hits you with a +0 halberd.
You die...

#.~..........##.....#
#.~.#########+###+###
#.~.## #.~..##
#.~)..## #∩.)~..#
##.~)..# #.~~..##
#.~.@## #.~o##.....#
#.~.# ###### #.~.. ..
#.~~~ ~~~ #... ....
#### ####


You could see an orc warrior.

Vanquished Creatures
  2 yaks (D:7)
  A scorpion (D:5)
  A jelly (D:5)
  4 iguanas
  Jessica (D:2)
  2 adders (D:2)
  A shadow imp (D:7)
  A white imp (D:7)
  A dart slug (D:5)
  15 orcs (Bailey)
  3 ball pythons
  A bat (D:2)
  An endoplasm (D:1)
  A giant cockroach (D:1)
  5 goblins
  5 hobgoblins
  3 kobolds
  A frilled lizard (D:2)
  3 rats
52 creatures vanquished.

Notes
Turn   | Place    | Note
-------+----------+-------------------------------------------
     0 | D:1      | Peloso the Minotaur Fighter began the quest for the Orb.
     0 | D:1      | Reached XP level 1. HP: 19/19 MP: 0/0
   169 | D:1      | Reached XP level 2. HP: 27/27 MP: 1/1
   172 | D:1      | You fall into a shaft and drop 1 floor!
   206 | D:2      | Noticed Jessica
   208 | D:2      | Killed Jessica
   209 | D:2      | Reached XP level 3. HP: 33/33 MP: 2/2
   714 | D:2      | Reached XP level 4. HP: 40/41 MP: 3/3
   889 | D:2      | Gained mutation: You are frail. (-10% HP) [potion of
                  | mutation]
   889 | D:2      | Gained mutation: Your body sometimes deteriorates upon
                  | taking damage. [potion of mutation]
   889 | D:2      | Lost mutation: You are frail. (-10% HP) [potion of
                  | mutation]
   891 | D:2      | You fall into a shaft and drop 1 floor!
   960 | D:5      | Entered Level 5 of the Dungeon
   972 | D:5      | Found an ornate altar of the Wu Jian Council.
  1091 | D:5      | Noticed a scorpion
  1100 | D:5      | Killed a scorpion
  1101 | D:5      | Reached skill level 5 in Armour
  1101 | D:5      | Reached XP level 5. HP: 11/47 MP: 4/4
  1296 | D:5      | Found Ceffytt's Distillery.
  1950 | D:7      | Noticed a yak
  1952 | D:7      | Noticed a yak
  1967 | D:7      | Killed a yak
  1968 | D:7      | Reached skill level 5 in Long Blades
  1968 | D:7      | Reached skill level 1 in Dodging
  1968 | D:7      | Reached XP level 6. HP: 36/55 MP: 5/5
  1970 | D:7      | Killed a yak
  1971 | D:7      | Reached skill level 5 in Fighting
  1971 | D:7      | Reached XP level 7. HP: 41/61 MP: 6/6
  1983 | D:7      | Found a flagged portal.
  2018 | D:7      | Reached skill level 1 in Stealth
  2075 | Bailey   | Entered a bailey
  2305 | Bailey   | Noticed an orc knight
  2327 | Bailey   | HP: 1/61 [orc warrior/+0 halberd (7)]
  2328 | Bailey   | Slain by an orc warrior

Illustrated notes

Levels and vault maps discovered:
D:1:      dpeg_arrival_simpleton_b, layout_basic
D:2:      layout_basic, uniq_jessica
D:3:      layout_loops_cross, shapermc_ecumenical_altar_mp_urbaneastern,
          lexackson_kobold_supper
D:4:      layout_loops_ring
D:5:      layout_basic, kennysheep_little_box, mainiacjoe_overflow_paths,
          mainiacjoe_overflow_concentric_impassable, serial_shops,
          nicolae_shop_rolling_square
D:6:      layout_loops_corners
D:7:      layout_basic, grunt_dithmenos_shadows, minmay_temple_entry_mist,
          enter_bailey_1, ebering_ghost_xom
Bailey:   bailey_polearm_1, bailey

Skill      XL: |  1  2  3  4  5  6  7 |
---------------+----------------------+-----
Armour         | 4 5 6 |  6.2
Fighting       | 4 5 |  5.1
Shields        | 4 |  4.7
Long Blades    | 3 4 5 6 |  6.1
Dodging        | 1 |  1.2
Stealth        | 1 |  1.0

Action                     |  1- 3 |  4- 6 |  7- 9 || total
---------------------------+-------+-------+-------++-------
  Melee: Long sword        |    59 |    48 |    59 ||   166
         Headbutt          |     6 |    14 |     8 ||    28
    Use: Potion            |       |     2 |     2 ||     4
         Scroll            |       |     6 |     1 ||     7
 Armour: Scale mail        |    27 |    16 |     7 ||    50
         Chain mail        |       |       |    17 ||    17
  Dodge: Dodged            |    27 |    13 |    28 ||    68
  Block: Buckler           |    16 |    15 |    18 ||    49
